 Dungeon Crawl Stone Soup version 0.25-a0-610-gd0df705f03 (webtiles) character file.

Game seed: 16550009391330371658, levelgen mode: deterministic

85282 Lugonue the Fencer (level 15, -7/132 HPs)
             Began as a Minotaur Gladiator on Mar 16, 2020.
             Was the Champion of Jiyva.
             Killed by drain life
             ... invoked by a soul eater
             ... summoned by an orc high priest
              (18 damage)
             ... on level 2 of the Orcish Mines.
             The game lasted 00:52:44 (18181 turns).

Lugonue the Fencer (Minotaur Gladiator)            Turns: 18181, Time: 00:52:44

Health: -7/132     AC: 30    Str: 17    XL:     15   Next: 37%
Magic:  18/18      EV: 12    Int: 10    God:    Jiyva [******]
Gold:   448        SH:  0    Dex: 25    Spells: 14/14 levels left

rFire    . . .     SeeInvis .   a - +2 great sword (freeze)
rCold    . . .     Gourm    .   (shield currently unavailable)
rNeg     . . .     Faith    .   Q - +7 plate armour of Intercession {Regen+ Int+2}
rPois    +         Spirit   .   c - +1 hat
rElec    +         Reflect  .   s - scarf {repulsion}
rCorr    +         Harm     .   q - +2 pair of gloves
MR       ++...     Clarity  +   w - +0 pair of boots
Stlth    ..........             O - amulet of the acrobat
HPRegen  0.72/turn              (no ring)
MPRegen  0.16/turn              (no ring)

@: mighty, studying Fighting, heavily drained, repel missiles
A: retaliatory headbutt, hooves 1, horns 2, iridescent scales 1, thin skeletal
structure 1, camouflage 1, agile 1, clarity, clever 1, magic resistance 1,
poison resistance, shaggy fur 1, electricity resistance, strong 1, acidic bite,
gelatinous body 1, jelly absorbing missiles
a: Request Jelly, Slimify, Cure Bad Mutation, Renounce Religion


You were on level 2 of the Orcish Mines.
You worshipped Jiyva.
Jiyva was exalted by your worship.
You were completely stuffed.

You visited 3 branches of the dungeon, and saw 21 of its levels.
You also visited: Bailey.

You collected 1420 gold pieces.
You spent 972 gold pieces at shops.

Inventory:

Hand Weapons
 a - a +2 great sword of freezing (weapon)
 b - a +0 longbow
 g - the +7 dagger "Dunniz" {flame, Dex+3 SInv}
   (You found it on level 7 of the Dungeon)

   It has been specially enchanted to burn those struck by it, causing extra
   injury to most foes and up to half again as much damage against particularly
   susceptible opponents.
   It affects your dexterity (+3).
   It lets you see invisible.
Missiles
 m - 4 javelins
 x - 10 arrows
 y - 30 boomerangs (quivered)
 G - 12 poisoned darts
Armour
 c - a +1 hat (worn)
 q - a +2 pair of gloves (worn)
 s - a scarf of repulsion (worn)
 w - a +0 pair of boots (worn)
 Q - the +7 plate armour of Intercession (worn) {Regen+ Int+2}
   (You bought it in a shop on level 8 of the Dungeon)

   It affects your intelligence (+2).
   It increases your rate of regeneration.
Jewellery
 o - an uncursed amulet of harm
 N - an uncursed ring of ice {unknown}
 O - an amulet of the acrobat (around neck)
Wands
 d - a wand of iceblast (16)
 D - a wand of random effects (32)
 H - a wand of paralysis (25)
Scrolls
 h - 2 scrolls of teleportation
 i - 4 scrolls of enchant armour
 k - a scroll of amnesia
 l - 11 scrolls of identify
 F - 3 scrolls of magic mapping
Potions
 n - a potion of ambrosia {unknown}
 p - 2 potions of resistance
 u - 2 potions of curing
 z - 2 potions of mutation {unknown}
 A - 2 potions of brilliance
 B - a potion of flight {unknown}
 K - 8 potions of degeneration
Books
 P - a manual of Fighting
Comestibles
 f - 18 rations


   Skills:
 + Level 11.7(9.7) Fighting
 * Level 18.2(15.9) Long Blades
 + Level 10.9(9.0) Bows
 + Level 5.9(4.2) Throwing
 + Level 9.3(7.5) Armour
 * Level 11.6(9.6) Dodging
 + Level 3.6(2.0) Stealth
 + Level 5.6(4.0) Evocations


You had 14 spell levels left.
You didn't know any spells.
Your spell library contained the following spells:

 Spells                   Type           Power        Failure   Level  Hunger
 Foxfire                  Conj/Fire      #...         100%        1    ##.....
 Magic Dart               Conj           #...         100%        1    ##.....
 Blink                    Tloc           N/A          100%        2    ###....
 Call Imp                 Summ           #.......     100%        2    ###....
 Slow                     Hex            #.......     100%        2    ###....
 Conjure Flame            Conj/Fire      #.......     100%        3    ####...
 Inner Flame              Hex/Fire       #.......     100%        3    ####...
 Mephitic Cloud           Conj/Pois/Air  #.......     100%        3    ####...
 Sticky Flame             Conj/Fire      #.......     100%        4    #####..
 Fireball                 Conj/Fire      #.........   100%        5    ######.


Dungeon Overview and Level Annotations

Branches:
Dungeon (13/15)            Temple (0/1) D:6            Lair (6/6) D:8
 Shoals (0/4) Lair:2       Spider (0/4) Lair:3          Orc (2/2) D:12
 Vaults (0/5) D:13         Bailey (visited)
  Slime: Lair:5-6       Elf: Orc:2

Altars:
Ashenzari
Cheibriados
Dithmenos
Hepliaklqana
Okawaru
Ru
Wu Jian
Xom
Yredelemnul
Beogh
Jiyva

Shops:
D:4 [:}   D:8 [   D:12 =   Orc:1 %

Portals:
Trove: D:12 (give 7 potions of haste)

Annotations:
D:9 3 runed translucent doors, Esekla's ghost, novice SpAr
D:12 1 runed translucent door, bmj180's ghost, journeyman DrCj
Lair:1 exclusion: oklob plant
Orc:1 2 transporters, Suecw's ghost, journeyman DDFi


Innate Abilities, Weirdness & Mutations

You reflexively headbutt those who attack you in melee.
You have a pair of horns on your head.
You have large cloven feet.
You are partially covered in iridescent scales. (AC +2)
You have a somewhat thin skeletal structure. (Dex +2, Stealth)
Your skin changes colour to match your surroundings (Stealth+).
You are agile. (Dex +2)
You possess an exceptional clarity of mind.
Your mind is acute. (Int +2)
You are resistant to hostile enchantments. (MR+)
Your system is resistant to poisons. (rPois)
You are covered in fur. (AC +1)
You are resistant to electric shocks. (rElec)
Your muscles are strong. (Str +2)
You have acidic saliva.
Your rubbery body absorbs attacks. (AC +1, EV +1)
You have a small jelly attached to you that may absorb incoming projectiles.


Message History

Okay, then.
Unknown command.
Okay, then.
You feel very mighty all of a sudden.
You slice the orc warrior!! You freeze the orc warrior.
You kill the orc warrior!
The orc warrior closely misses you.
The orc priest invokes the aid of Beogh against you.
Beogh smites you!
* * * LOW HITPOINT WARNING * * *
Unknown command.
You slice the orc high priest!! You freeze the orc high priest.
You headbutt the orc high priest!
The orc high priest is severely wounded.
The orc high priest invokes the aid of Beogh against you.
Pain shoots through your body!
* * * LOW HITPOINT WARNING * * *
The orc warrior hits you but does no damage.
The soul eater draws from the surrounding life force!
You die...

....#
##.........##
...#
#...#...#...#
.###
#...........##
o.#
#....#...#.o..#
..#
#.......3.....#
..#
#....#..4#o...#
..##
#......4o.o...#
...#
#....#...#oo..#
#..##
#.......@...##
....#
#...#..)#...#
...##
##.....))..##
..##
#..#..)#..# ..#
##.......## ..#
#####...#####
..##
#..[.........
...#
##[..........
#.##
##[......#...


You could see a soul eater, an orc high priest, a hellwing, a chaos spawn, 2 orc
warriors, an orc priest and 2 orcs.

Vanquished Creatures
  A vault guard (D:12)
  Harold (Lair:1)
  A centaur warrior (D:13)
  A hydra (Lair:3)
  An ogre mage (D:11)
  2 orc high priests (Orc:2)
  A tengu warrior (D:11)
  5 two-headed ogres
  2 unseen horrors
  A deep elf archer (Orc:2)
  5 orc knights
  3 deep elf magi
  3 ugly things
  3 manticores (D:12)
  6 cyclopes
  8 elephants
  Maurice (D:8)
  A merfolk siren (Lair:2)
  6 black mambas
  Joseph (D:8)
  Psyche (D:8)
  A centaur skeleton (D:13)
  2 gargoyles
  5 spiny frogs
  A rime drake (Lair:6)
  A kobold demonologist (D:11)
  A freezing wraith (D:13)
  4 komodo dragons
  2 hornets (Lair:6)
  A polar bear (Lair:6)
  6 trolls
  17 dream sheep
  11 hippogriffs
  4 redbacks (Lair:3)
  4 spriggans (Lair:6)
  A vampire (D:11)
  A shadow (D:11)
  37 yaks
  A human (D:7)
  4 hogs (D:7)
  3 basilisks
  A hungry ghost (D:9)
  Menkaure (D:7)
  A soldier ant (D:11)
  8 water moccasins
  37 orc warriors
  A black bear (shapeshifter) (D:11)
  A swamp drake (D:12)
  10 porcupines
  2 sky beasts
  2 phantoms
  A hornet zombie (D:10)
  4 black bears
  2 necrophages (D:11)
  10 ogres
  13 wolves (Lair:6)
  2 boggarts (Lair:6)
  4 centaurs
  6 crocodiles (Lair:2)
  A jelly (D:6)
  2 big kobolds
  15 bullfrogs
  5 scorpions
  A wyvern skeleton (D:13)
  3 killer bees
  17 wights
  3 howler monkeys
  4 electric eels (Lair:3)
  3 crimson imps
  A quasit (D:6)
  3 bullfrog zombies
  4 bullfrog skeletons
  5 hounds
  An iguana (D:11)
  30 orc priests
  8 worker ants
  14 orc wizards
  A killer bee zombie (D:9)
  A howler monkey skeleton (D:9)
  8 adders
  A shadow imp (D:11)
  An ooze (D:1)
  An adder skeleton (D:8)
  2 worms
  3 dart slugs
  7 leopard geckos
  83 orcs
  A giant cockroach (D:1)
  10 goblins
  4 hobgoblins
  8 jackals
  A ball python skeleton (D:4)
  7 bats
  4 frilled lizards
  A giant cockroach zombie (D:5)
  A jackal skeleton (D:4)
  13 kobolds
  12 rats
557 creatures vanquished.

Vanquished Creatures (collateral kills)
  A wizard (D:9)
  4 yaks (Lair:1)
  An orc warrior (Orc:2)
  An orc wizard (Orc:2)
7 creatures vanquished.

Vanquished Creatures (others)
  An orc high priest (Orc:2)
  Urug (D:11)
  An unseen horror (D:13)
  A deep elf mage (D:13)
  2 orc sorcerers (D:11)
  A cyclops (D:11)
  A kobold demonologist (D:11)
  A slime creature (D:12)
  14 orc warriors
  A water moccasin (D:7)
  A necrophage (D:11)
  3 centaurs
  2 bullfrogs
  3 wights (D:10)
  6 killer bees
  A bullfrog zombie (D:7)
  4 orc priests
  A hound (D:10)
  85 jellies
  5 orc wizards
  A bullfrog skeleton (D:13)
  An iguana (D:11)
  A worker ant (D:6)
  3 adders
  An adder zombie (D:6)
  12 orcs
  3 jackals (D:4)
  A kobold (D:12)
  A ball python (D:3)
  A jackal skeleton (D:5)
  17 fungi
  16 plants
193 creatures vanquished.

Grand Total: 757 creatures vanquished

Notes
Turn   | Place    | Note
-------+----------+-------------------------------------------
     0 | D:1      | Lugonue the Minotaur Gladiator began the quest for the Orb.
     0 | D:1      | Reached XP level 1. HP: 18/18 MP: 0/0
   512 | D:1      | Reached XP level 2. HP: 25/25 MP: 1/1
   598 | D:1      | Reached skill level 4 in Long Blades
   694 | D:1      | Reached XP level 3. HP: 30/30 MP: 2/2
   847 | D:2      | Reached skill level 1 in Armour
   994 | D:2      | Found a faded altar of an unknown god.
  1083 | D:2      | Became a worshipper of Jiyva Judif the Shapeless
  1083 | D:2      | Reached * piety under Jiyva
  1134 | D:2      | Found a hazy altar of Hepliaklqana.
  1707 | D:3      | Found a snail-covered altar of Cheibriados.
  2006 | D:3      | Found a shadowy altar of Dithmenos.
  2016 | D:3      | Reached XP level 4. HP: 37/37 MP: 3/3
  2045 | D:3      | Reached ** piety under Jiyva
  2079 | D:3      | Reached *** piety under Jiyva
  2079 | D:3      | Gained mutation: Your flesh is heat resistant. (rF+)
                  | [Jiyva's grace]
  2243 | D:4      | Reached skill level 5 in Long Blades
  2243 | D:4      | Reached XP level 5. HP: 38/45 MP: 4/4
  2375 | D:4      | Found Pirirr's Gadget Boutique.
  2535 | D:4      | Found Emiju's Antique Armour Shoppe.
  2586 | D:4      | Noticed an ogre
  2594 | D:4      | Killed an ogre
  2594 | D:4      | Reached skill level 6 in Long Blades
  2594 | D:4      | Reached XP level 6. HP: 39/51 MP: 5/5
  2618 | D:4      | Found Unuzalas's Book Shop.
  2870 | D:4      | Reached **** piety under Jiyva
  2936 | D:5      | Entered Level 5 of the Dungeon
  2980 | D:5      | Found a basalt altar of Yredelemnul.
  3122 | D:5      | Lost mutation: Your flesh is heat resistant. (rF+) [Jiyva's
                  | grace]
  3146 | D:5      | Found a shimmering altar of Xom.
  3304 | D:5      | HP: 2/52 [orc (3)]
  3308 | D:5      | Reached XP level 7. HP: 7/59 MP: 6/6
  3772 | D:6      | Reached skill level 7 in Long Blades
  3959 | D:6      | Found a staircase to the Ecumenical Temple.
  4045 | D:6      | Reached skill level 1 in Bows
  4151 | D:6      | Was placed under penance by Jiyva
  4159 | D:6      | Was forgiven by Jiyva
  4349 | D:7      | Noticed a hippogriff
  4528 | D:7      | Got a steaming dagger
  4534 | D:7      | Reached skill level 5 in Armour
  4547 | D:7      | Reached skill level 5 in Fighting
  4589 | D:7      | Reached XP level 8. HP: 40/68 MP: 7/7
  4625 | D:7      | Found an iron altar of Okawaru.
  4760 | D:7      | Gained mutation: You are partially covered in yellow
                  | scales. (AC +2) [Jiyva's grace]
  4761 | D:7      | Reached ***** piety under Jiyva
  4775 | D:7      | Reached skill level 1 in Stealth
  4776 | D:7      | Reached skill level 5 in Dodging
  4801 | D:7      | Reached skill level 5 in Bows
  5040 | D:7      | Reached skill level 8 in Long Blades
  5041 | D:7      | Gained mutation: Your body has grown golden eyes which may
                  | confuse attackers. (Acc +3) [Jiyva's grace]
  5294 | D:7      | Noticed Menkaure
  5298 | D:7      | Killed Menkaure
  5353 | D:7      | Reached XP level 9. HP: 49/78 MP: 8/8
  5732 | D:8      | Found Rippash's Antique Armour Boutique.
  5736 | D:8      | Bought a runed scarf for 216 gold pieces
  5745 | D:8      | Identified the +7 dagger "Dunniz" {flame, Dex+3 SInv} (You
                  | found it on level 7 of the Dungeon)
  5756 | D:8      | Noticed a two-headed ogre
  5759 | D:8      | Noticed Psyche
  5768 | D:8      | Killed a two-headed ogre
  5770 | D:8      | Killed Psyche
  5777 | D:8      | Reached skill level 9 in Long Blades
  5825 | D:8      | Noticed Maurice
  5844 | D:8      | Killed Maurice
  5857 | D:8      | Reached XP level 10. HP: 42/88 MP: 9/9
  6012 | D:8      | Found a staircase to the Lair.
  6022 | D:8      | Noticed Joseph
  6300 | D:8      | Reached ****** piety under Jiyva
  6309 | D:8      | Found an ornate altar of the Wu Jian Council.
  6356 | D:8      | Killed Joseph
  6372 | D:8      | Lost mutation: Your body has grown golden eyes which may
                  | confuse attackers. (Acc +3) [Jiyva's grace]
  6602 | D:9      | Found a sacrificial altar of Ru.
  6635 | D:9      | Noticed a wizard
  6643 | D:9      | Paralysed by a wizard for 5 turns
  6647 | D:9      | Killed a wizard
  6923 | D:9      | Found a shattered altar of Ashenzari.
  6949 | D:9      | Found a runed translucent gate.
  6949 | D:9      | Found a runed translucent gate.
  6949 | D:9      | Found a runed translucent gate.
  6954 | D:9      | Noticed Esekla's ghost (novice SpAr)
  7166 | D:10     | Entered Level 10 of the Dungeon
  7170 | D:10     | Noticed a two-headed ogre
  7178 | D:10     | Reached skill level 10 in Long Blades
  7187 | D:10     | Killed a two-headed ogre
  7396 | D:10     | Gained mutation: You have large cloven feet. [Jiyva's
                  | grace]
  7460 | D:10     | Reached XP level 11. HP: 90/95 MP: 10/10
  7593 | D:10     | Gained mutation: You possess an exceptional clarity of
                  | mind. [Jiyva's grace]
  7887 | D:11     | Noticed Urug
  7905 | D:11     | Killed Urug
  8078 | D:11     | Reached skill level 5 in Throwing
  8078 | D:11     | Lost mutation: You have large cloven feet. [Jiyva's grace]
  8213 | D:11     | Killed an orc sorcerer
  8215 | D:11     | Reached skill level 11 in Long Blades
  8216 | D:11     | Gained mutation: Your system is resistant to poisons.
                  | (rPois) [Jiyva's grace]
  8229 | D:11     | Killed an orc sorcerer
  8294 | D:11     | Noticed a deep elf mage
  8303 | D:11     | Killed a deep elf mage
  8313 | D:11     | Noticed a brown ugly thing
  8318 | D:11     | Noticed a tengu warrior
  8320 | D:11     | Noticed an ogre mage
  8320 | D:11     | Killed a brown ugly thing
  8337 | D:11     | Reached skill level 12 in Long Blades
  8347 | D:11     | Killed a tengu warrior
  8446 | D:12     | Noticed a two-headed ogre
  8453 | D:12     | Killed a two-headed ogre
  8582 | D:12     | Reached skill level 13 in Long Blades
  8617 | D:12     | Noticed an orc knight
  8628 | D:12     | Slimified an orc knight
  8628 | D:12     | an orc knight changed into a slime creature
  8671 | D:12     | Reached XP level 12. HP: 75/104 MP: 11/11
  8672 | D:12     | Got a distressingly furry cloak
  8686 | D:12     | Identified the +0 cloak of the Queen {rC+} (You found it on
                  | level 12 of the Dungeon)
  8762 | D:12     | Found Xuagiaps's Jewellery Emporium.
  8772 | D:12     | Found a runed translucent door.
  8773 | D:12     | Noticed bmj180's ghost (journeyman DrCj)
  8851 | D:12     | Found a portal to a secret trove of treasure.
  8852 | D:12     | Noticed a vault guard
  8879 | D:12     | Killed a vault guard
  8933 | D:12     | Gained mutation: You are resistant to hostile enchantments.
                  | (MR+) [Jiyva's grace]
  9095 | D:12     | Reached skill level 14 in Long Blades
  9136 | D:12     | Found a staircase to the Orcish Mines.
  9397 | D:13     | Noticed a death ooze
  9397 | D:13     | a vampire changed into a death ooze
  9412 | D:13     | Lost mutation: Your system is resistant to poisons. (rPois)
                  | [Jiyva's grace]
  9465 | D:13     | Noticed a centaur warrior
  9510 | D:13     | Killed a centaur warrior
  9739 | D:13     | Reached skill level 15 in Long Blades
  9809 | D:13     | Gained mutation: Your mind is acute. (Int +2) [Jiyva's
                  | grace]
  9850 | D:13     | Noticed a two-headed ogre
  9853 | D:13     | Killed a two-headed ogre
  9853 | D:13     | Reached skill level 10 in Dodging
  9964 | D:13     | Noticed a two-headed ogre
  9966 | D:13     | Reached skill level 10 in Fighting
  9976 | D:13     | Killed a two-headed ogre
 10162 | D:13     | Found a gate to the Vaults.
 10437 | Lair:1   | Entered Level 1 of the Lair of Beasts
 10718 | Lair:1   | Gained mutation: Your mind is very acute. (Int +4) [Jiyva's
                  | grace]
 10749 | Lair:1   | Noticed Harold
 10760 | Lair:1   | Killed Harold
 11223 | Lair:2   | You fall into a shaft and drop 1 floor!
 11225 | Lair:3   | Noticed an eight-headed hydra
 11238 | Lair:3   | Noticed a five-headed hydra
 11521 | Lair:2   | Gained mutation: You have acidic saliva. [Jiyva's grace]
 11575 | Lair:2   | Found a staircase to the Shoals.
 11587 | Lair:2   | Reached XP level 13. HP: 113/113 MP: 12/12
 11900 | Lair:2   | Gained mutation: You have a small jelly attached to you
                  | that senses nearby items. [Jiyva's grace]
 12043 | Lair:3   | Reached skill level 16 in Long Blades
 12332 | Lair:3   | Reached skill level 10 in Bows
 12517 | Lair:3   | Gained mutation: You are weak. (Str -2) [Jiyva's grace]
 12594 | Lair:3   | HP: 3/114 [eight-headed hydra (4)]
 12716 | Lair:3   | Found a hole to the Spider Nest.
 13392 | Lair:4   | Reached skill level 1 in Evocations
 13442 | Lair:4   | Gained mutation: You are covered in fur. (AC +1) [Jiyva's
                  | grace]
 14495 | Lair:5   | Gained mutation: You have a small jelly attached to you
                  | that may absorb incoming projectiles. [Jiyva's grace]
 14874 | Lair:6   | Entered Level 6 of the Lair of Beasts
 14930 | Lair:6   | Reached skill level 17 in Long Blades
 15052 | Lair:6   | Lost mutation: Your mind is very acute. (Int +4) [Jiyva's
                  | grace]
 15304 | Lair:6   | Reached XP level 14. HP: 90/124 MP: 13/13
 15723 | D:11     | Gained mutation: Your system is resistant to poisons.
                  | (rPois) [Jiyva's grace]
 15985 | Orc:1    | Entered Level 1 of the Orcish Mines
 16120 | Orc:1    | Found a flagged portal.
 16155 | Bailey   | Entered a bailey
 16273 | Bailey   | Lost mutation: You are partially covered in yellow scales.
                  | (AC +2) [Jiyva's grace]
 16309 | Bailey   | Gained mutation: You have a somewhat thin skeletal
                  | structure. (Dex +2, Stealth) [Jiyva's grace]
 16315 | Bailey   | Lost mutation: You are weak. (Str -2) [Jiyva's power]
 16428 | Bailey   | Gained mutation: You are partially covered in iridescent
                  | scales. (AC +2) [Jiyva's grace]
 16471 | Bailey   | Found a roughly hewn altar of Beogh.
 16490 | Bailey   | Reached skill level 5 in Evocations
 16490 | Bailey   | Reached XP level 15. HP: 105/130 MP: 13/18
 16556 | Orc:1    | Found a transporter.
 16556 | Orc:1    | Noticed Suecw's ghost (journeyman DDFi)
 16609 | Orc:1    | Found a transporter.
 16744 | Orc:1    | Found Kerrawyu's Food Boutique.
 16876 | Orc:1    | Found a roughly hewn altar of Beogh.
 16900 | Orc:1    | Gained mutation: Your muscles are strong. (Str +2) [Jiyva's
                  | grace]
 16906 | Orc:1    | Gained mutation: Your skin changes colour to match your
                  | surroundings (Stealth+). [Jiyva's grace]
 16913 | Orc:1    | Gained mutation: You are resistant to electric shocks.
                  | (rElec) [Jiyva's grace]
 17201 | D:11     | Gained mutation: You have large cloven feet. [Jiyva's
                  | grace]
 17292 | D:8      | Bought a blackened plate armour for 756 gold pieces
 17302 | D:8      | Identified the +7 plate armour of Intercession {Regen+
                  | Int+2} (You bought it in a shop on level 8 of the Dungeon)
 17413 | D:11     | Gained mutation: You are agile. (Dex +2) [Jiyva's grace]
 17500 | Orc:2    | Entered Level 2 of the Orcish Mines
 17501 | Orc:2    | Noticed an orc warlord
 17831 | Orc:2    | Reached skill level 18 in Long Blades
 17917 | Orc:2    | Lost mutation: You possess an exceptional clarity of mind.
                  | [Jiyva's grace]
 17946 | Orc:2    | Slimified an orc warlord
 17946 | Orc:2    | Noticed an azure jelly
 17946 | Orc:2    | an orc warlord changed into an azure jelly
 17946 | Orc:2    | Gained mutation: Your rubbery body absorbs attacks. (AC +1,
                  | EV +1) [Jiyva's grace]
 17973 | Orc:2    | Lost mutation: You have a small jelly attached to you that
                  | senses nearby items. [Jiyva's grace]
 18007 | Orc:2    | Noticed an orc warlord
 18017 | Orc:2    | Gained mutation: You possess an exceptional clarity of
                  | mind. [Jiyva's grace]
 18156 | Orc:2    | Noticed an acid blob
 18156 | Orc:2    | an orc knight changed into an acid blob
 18181 | Orc:2    | Killed from afar by a soul eater

Levels and vault maps discovered:
D:1:      lemuel_arrival_behind_the_door_large, layout_basic,
          hangedman_decor_clover_reticule, glass_columns_c
D:2:      layout_basic, lemuel_crystal_altar, first_ration,
          chequers_ecumenical_altar_twisty, kennysheep_potato
D:3:      layout_loops_ring, cheibriados_altar_1,
          nicolae_dithmenos_shadow_blocks, led_xom_imps
D:4:      layout_loops_corners, serial_shops, shop, shop,
          nicolae_shop_behind_doors, minmay_ruptured
D:5:      layout_basic, kennysheep_mini, basic_altar, minmay_door_square
D:6:      layout_basic, minmay_temple_entry_gardened_gates
D:7:      layout_loops_cross, grunt_livestock, kennysheep_okawaru_gauntlet,
          uniq_menkaure
D:8:      layout_cave_pools, lemuel_crystal_altar,
          grunt_lair_entry_orc_guard_hut, serial_shops, nicolae_shop_waterfront,
          uniq_maurice, uniq_joseph, uniq_psyche
D:9:      layout_rooms, old_standard_altar, serial_glass, glass_columns_a,
          glass_columns_c, ebering_ghost_rock_garden, ashenzari_altar_1
D:10:     layout_loops_ring
D:11:     minmay_the_grid_3x3 [minmay_the_grid_minigrid_small_alt,
          minmay_the_grid_tri_star, minmay_the_grid_box_x,
          minmay_the_grid_garden, minmay_the_grid_doors, minmay_the_grid_fan,
          minmay_the_grid_tree, minmay_the_grid_zigzag_pyramid,
          minmay_the_grid_prize_big_room], layout_loops_ring, uniq_urug
D:12:     layout_basic, erik_orc_1, serial_shops, kennysheep_little_box,
          gammafunk_ghost_grave, enter_trove_5
D:13:     layout_loops_ring, david_vaults_4, serial_rivers,
          chequers_serial_rivers_micro_a, chequers_serial_rivers_small_a,
          chequers_serial_rivers_micro_c, chequers_serial_rivers_micro_c,
          chequers_serial_rivers_micro_c, minivault_20, minmay_fountain_box
Lair:1:   layout_loops_ring, minmay_lair_oklob_chamber, serial_bayou_shore_b,
          uniq_harold
Lair:2:   layout_long_grid, minmay_shoals_entry_lonely_mermaid
Lair:3:   layout_regular_city, spider_nest_entry_a, serial_bayou_lake_a,
          lemuel_fruit_tree, grunt_megastairs_1
Lair:4:   layout_cave_pods, serial_bayou_shore_a
Lair:5:   layout_roguey, wad_woods_06
Lair:6:   minmay_lair_end_enchanted_forest, layout_cave_pods,
          dpeg_slime_entry_enclosed_altar, grunt_megastairs_2
Orc:1:    minmay_goldmine, layout_caves, gammafunk_ghost_berserking_beasts,
          serial_shops, shop, enter_bailey_3, basic_altar, abandoned_shop
Orc:2:    st_orc_pillars, layout_caves, nicolae_orc_pool_cavern, elf_legates

Skill      XL: |  1  2  3  4  5  6  7  8  9 10 11 12 13 14 15 |
---------------+----------------------------------------------+-----
Long Blades    | 4 5 6 7 8 9 10 13 15 17 18 | 18.2
Armour         | 1 2 3 4 5 6 7 8 9 |  9.3
Dodging        | 4 5 6 7 9 10 11 | 11.6
Fighting       | 3 4 5 6 7 8 9 10 11 | 11.7
Bows           | 2 5 7 8 9 10 | 10.9
Stealth        | 1 2 3 |  3.6
Throwing       | 3 4 5 |  5.9
Evocations     | 1 5 |  5.6

Action                   |  1- 3 |  4- 6 |  7- 9 | 10-12 | 13-15 || total
-------------------------+-------+-------+-------+-------+-------++-------
Melee: Long sword        |    78 |    75 |    96 |    71 |       ||   320
       Headbutt          |    14 |     8 |    21 |   102 |   141 ||   286
       Shortbow          |       |       |     1 |       |       ||     1
       Scimitar          |       |       |       |    58 |       ||    58
       Great sword       |       |       |       |   263 |   486 ||   749
       Bite              |       |       |       |     2 |    71 ||    73
       Dagger            |       |       |       |     1 |       ||     1
 Fire: Shortbow          |       |       |   113 |    39 |       ||   152
       Longbow           |       |       |       |    54 |   169 ||   223
Throw: Dart              |       |     7 |     8 |    22 |    19 ||    56
       Throwing net      |       |     1 |     3 |       |       ||     4
       Boomerang         |       |       |       |    29 |    11 ||    40
       Javelin           |       |       |       |     2 |     2 ||     4
Invok: Slimify           |       |       |       |     2 |     4 ||     6
       Request Jelly     |       |       |       |       |     5 ||     5
       Cure Bad Mutation |       |       |       |       |     1 ||     1
Evoke: Wand              |       |       |       |     7 |     4 ||    11
  Use: Potion            |     1 |     2 |     5 |     3 |     4 ||    15
       Scroll            |       |       |    10 |     8 |    11 ||    29
 Stab: Sleeping          |     1 |       |       |       |     6 ||     7
       Held in net/web   |       |       |     2 |       |       ||     2
       Paralysed         |       |       |       |     3 |     1 ||     4
       Confused          |       |       |       |     2 |       ||     2
       Distracted        |       |       |       |       |     4 ||     4
  Eat: Chunk             |     3 |     1 |       |       |       ||     4
Armor: Leather armour    |    14 |     4 |       |       |       ||    18
       Ring mail         |       |    23 |    45 |   165 |   131 ||   364
       Skin              |       |       |    26 |       |       ||    26
       Plate armour      |       |       |       |       |    69 ||    69
Dodge: Dodged            |    70 |    42 |    71 |   341 |   479 ||  1003
       Deflected         |       |       |       |    19 |    13 ||    32
       Rpst.: Long sword |    18 |    14 |    12 |    12 |       ||    56
       Scimitar          |       |       |       |    12 |       ||    12
       Great sword       |       |       |       |    53 |    97 ||   150

Table legend:
 A = Non-vault XP
 B = Vault XP
 C = Vault XP percentage of total XP
 D = Non-vault monster count
 E = Vault monster count
 F = Vault count percentage of total count
                 A         B        C        D         E       F
            +---------+---------+-------+---------+---------+-------
      Total |   50753 |   30526 |  37.6 |     396 |     173 |  30.4
            +---------+---------+-------+---------+---------+-------
        D:1 |      46 |       0 |   0.0 |      25 |       0 |   0.0
        D:2 |      31 |       1 |   3.1 |      12 |       1 |   7.7
        D:3 |      48 |       0 |   0.0 |      16 |       0 |   0.0
        D:4 |     275 |      68 |  19.8 |      12 |       2 |  14.3
        D:5 |     273 |       0 |   0.0 |       8 |       0 |   0.0
        D:6 |     575 |       0 |   0.0 |      10 |       0 |   0.0
        D:7 |    1074 |    1010 |  48.5 |      21 |       8 |  27.6
        D:8 |    1508 |    2004 |  57.1 |      13 |       8 |  38.1
        D:9 |    2129 |       0 |   0.0 |      19 |       0 |   0.0
       D:10 |    2759 |       0 |   0.0 |      18 |       0 |   0.0
       D:11 |    4148 |    6911 |  62.5 |      36 |      25 |  41.0
       D:12 |    5938 |    1523 |  20.4 |      32 |      17 |  34.7
       D:13 |    5674 |    2303 |  28.9 |      19 |       4 |  17.4
     Lair:1 |    1695 |     970 |  36.4 |      10 |       1 |   9.1
     Lair:2 |    2578 |     466 |  15.3 |      17 |       1 |   5.6
     Lair:3 |    4879 |    1843 |  27.4 |      25 |       5 |  16.7
     Lair:4 |    4648 |       0 |   0.0 |      19 |       0 |   0.0
     Lair:5 |    3606 |       0 |   0.0 |      10 |       0 |   0.0
     Lair:6 |    5002 |    4985 |  49.9 |      17 |      26 |  60.5
      Orc:1 |    3209 |     532 |  14.2 |      45 |      16 |  26.2
      Orc:2 |     658 |    6906 |  91.3 |      12 |      45 |  78.9
     Bailey |       0 |    1004 | 100.0 |       0 |      14 | 100.0
            +---------+---------+-------+---------+---------+-------
